 Dungeon Crawl Stone Soup version 0.20.0-8-g6b59dc7 (webtiles) character file.

49 asthiss the Covered (level 3, -8/33 HPs)
             Began as a Minotaur Fighter on May 30, 2017.
             Killed from afar by Sigmund (10 damage)
             ... with a magic dart
             ... on level 2 of the Dungeon.
             The game lasted 00:06:57 (1639 turns).

asthiss the Covered (Minotaur Fighter)              Turns: 1639, Time: 00:06:59

Health: -8/33      AC:  7    Str: 21    XL:     3   Next: 53%
Magic:  2/2        EV:  7    Int:  5    God:
Gold:   88         SH:  9    Dex:  9    Spells: 2/2 levels left

rFire    . . .     SeeInvis .   a - +0 long sword
rCold    + . .     Gourm    .   c - +0 shield
rNeg     . . .     Faith    .   b - +0 scale mail
rPois    .         Spirit   .   (helmet restricted)
rElec    .         Reflect  .   (no cloak)
rCorr    .         Harm     .   (no gloves)
MR       .....                  (no boots)
Stlth    ..........             (no amulet)
Regen    0.2/turn               (no ring)
MPRegen  0.1/turn               (no ring)

@: no status effects
A: retaliatory headbutt, horns 2, cold resistance 1
a: no special abilities


You were on level 2 of the Dungeon.
You were not hungry.

You visited 1 branch of the dungeon, and saw 2 of its levels.

You collected 88 gold pieces.

Inventory:

Hand Weapons
 a - a +0 long sword (weapon)
Armour
 b - a +0 scale mail (worn)
 c - a +0 shield (worn)
 h - a +2 ring mail of positive energy
Jewellery
 i - an uncursed amulet of the gourmand {unknown}
Potions
 d - a potion of might
 e - a potion of brilliance
Comestibles
 f - a bread ration
 g - a meat ration


   Skills:
 + Level 4.0 Fighting
 * Level 3.4 Long Blades
 + Level 4.1 Armour
 * Level 0.9 Dodging
 + Level 3.9 Shields


You had 2 spell levels left.
You didn't know any spells.

Dungeon Overview and Level Annotations

Branches:
Dungeon (2/15)

Altars:

Annotations:
D:2 Sigmund


Innate Abilities, Weirdness & Mutations

You reflexively headbutt those who attack you in melee.
You have a pair of horns on your head.
Your flesh is cold resistant. (rC+)


Message History

You are too injured to fight recklessly!
You are too injured to fight recklessly!
You are too injured to fight recklessly!
You are too injured to fight recklessly!
You closely miss something. Something hits you!
* * * LOW HITPOINT WARNING * * *
You closely miss something. Your headbutt misses something.
Something hits you but does no damage.
You hit something. Something hits you.
* * * LOW HITPOINT WARNING * * *
Your shield and scale mail prevent you from hitting something.
You miss something. You block something's attack.
Your shield prevents you from hitting something.
You hear some strange, mumbled words.
A puff of flame appears from out of thin air!
The puff of flame misses you.
You hear some strange, mumbled words.
A magic dart appears from out of thin air!
The magic dart hits you!
You die...

. .### .... #..#
#..# #...#
...####..# #.>.##
......{$.# ....#
#@#####...#####
#(##.##...<##.####
#(#.#.#..#...#....
#######..###.#....#
#.#.
...........##....#
#..
#######....#.#..##
##. ###..<##...##
##..
##........###.#.
#†###.....#.##.


There were no monsters in sight!

Vanquished Creatures
  A gnoll (D:1)
  An adder (D:1)
  A dart slug (D:1)
  A leopard gecko (D:2)
  4 giant cockroaches
  4 goblins
  2 hobgoblins (D:1)
  6 bats
  2 frilled lizards
  3 kobolds
  2 rats
  6 bushes (D:1)
33 creatures vanquished.

Vanquished Creatures (others)
  5 toadstools (D:1)
5 creatures vanquished.

Grand Total: 38 creatures vanquished

Notes
Turn   | Place    | Note
-------+----------+-------------------------------------------
     0 | D:1      | asthiss the Minotaur Fighter began the quest for the Orb.
     0 | D:1      | Reached XP level 1. HP: 19/19 MP: 0/0
    35 | D:1      | Reached XP level 2. HP: 14/27 MP: 1/1
   671 | D:1      | Reached XP level 3. HP: 31/33 MP: 2/2
   679 | D:1      | Gained mutation: You are clumsy. (Dex -2) [potion of mutation]
   679 | D:1      | Lost mutation: You are clumsy. (Dex -2) [potion of mutation]
   679 | D:1      | Gained mutation: Your flesh is cold resistant. (rC+) [potion of mutation]
  1623 | D:2      | Noticed Sigmund
  1636 | D:2      | HP: 1/33 [something (5)]
  1639 | D:2      | Killed from afar by Sigmund

Skill      XL: |  1  2  3 |
---------------+----------+-----
Armour         | 4 |  4.1
Long Blades    | 3 |  3.4
Fighting       | 4 |  4.0
Dodging        | |  0.9
Shields        | |  3.9

Action                   || total
-------------------------++-------
Melee: Long sword        ||   403
       Headbutt          ||   144
  Use: Potion            ||     6
       Scroll            ||     3
  Eat: Meat ration       ||     1
Armor: Scale mail        ||    27
Dodge: Dodged            ||    25
Block: Shield            ||    48
       Rpst.: Long sword ||     7
